[Event "21st Alekhine FIDE 2017"]
[Site "Voronezh"]
[Date "2017.06.15"]
[Round "4"]
[White "Chernov, Vladimir S"]
[Black "Filippov, Vladimir"]
[Result "1/2-1/2"]
[ECO "A41"]
[WhiteElo "2045"]
[BlackElo "1882"]
[Annotator "NA RC"]
[PlyCount "162"]
[EventDate "2017.??.??"]
[EventType "swiss"]
[EventCountry "RUS"]
[SourceTitle "playchess.com"]
[Source "ChessBase"]
[SourceQuality "1"]
[TimeControl "40/5400+30:1800+30"]

1. d4 d6 2. Nf3 Nf6 3. c4 Nbd7 4. Bf4 c6 5. Nc3 Qa5 6. Bd2 {[%emt 0:01:09] A53: Old Indian Defence without Nf3} Qc7 7. e3 e5 8. Bd3 $146 ({Predecessor:} 8. Qc2 Be7 9. g4 Nxg4 10. Rg1 Nf8 11. h3 Nf6 12. Rxg7 Ng6 13. Ng5 Rf8 14. Nxh7 Nxh7 15. Rxh7 {0-1 (60) Carlsen,M (2714)-Rublevsky,S (2676) Moscow 2007}) 8... Be7 9. O-O Nf8 10. Qc2 Bg4 11. Ne1 Ne6 12. dxe5 (12. d5 $14 Nc5 13. e4) 12... dxe5 13. f3 Bh5 14. Bf5 Bg6 15. Ne4 Nxe4 (15... Rd8 $5 16. Rd1 Bxf5 17. Nxf6+ Bxf6 18. Qxf5 Rd7 $15) 16. Bxe4 O-O 17. Bxg6 hxg6 18. Nd3 Nc5 (18... e4 $5 19. fxe4 Bd6 $11) 19. Nxc5 Bxc5 20. b4 Be7 21. Bc3 Rfe8 22. Rad1 Rad8 23. Qe4 Rxd1 24. Rxd1 Rd8 25. Re1 Bf6 26. a3 Qd7 27. Bxe5 Re8 (27... Qd2 $11 28. Kf1 Rd3) 28. f4 (28. Qd4 $1 $14 Qxd4 29. exd4) 28... Bxe5 29. fxe5 Qe6 30. Rd1 Qxe5 31. Qxe5 Rxe5 32. Rd8+ Kh7 33. Rd7 Rxe3 34. Rxf7 Rxa3 35. Rxb7 Ra2 36. c5 (36. Rc7 $5 ) 36... a5 37. Ra7 a4 38. Ra6 a3 39. g4 ({Much weaker is} 39. Rxc6 Rc2 $17) (39. h3 $11) 39... Ra1+ 40. Kg2 a2 41. h4 (41. g5 $11 {remains equal.}) 41... Kg8 42. Ra7 Kf8 43. Kh2 Ke8 (43... g5 $5 44. hxg5 Kg8 $15) 44. Kg2 Kd8 (44... g5 $5 45. hxg5 Kf8 $15) 45. Kh2 Kc8 (45... g5 $5 46. hxg5 Ke8 $11) 46. Kg2 Kb8 47. Ra5 Kb7 48. Kh2 Kb8 49. Kg2 Kc8 50. Ra7 Kd8 51. Kh2 Ke8 52. Kg2 Kf8 53. Kh2 Kg8 54. Kg2 Rb1 55. Rxa2 Rxb4 56. Ra6 Rxg4+ 57. Kh3 Rc4 58. Rxc6 Kf7 59. Rc7+ Kf6 60. Rc8 Rc3+ 61. Kg2 Ke7 62. c6 Kd6 63. Rd8+ Kc7 64. Rd7+ Kc8 65. Rxg7 Rxc6 66. Kg3 Kd8 67. Kg4 Ke8 68. Kg5 Kf8 69. Ra7 Rb6 70. Kh6 Rb4 71. Kg5 Rb6 72. Rd7 Ra6 73. Rd4 Kg7 74. Rd7+ Kf8 75. Rh7 Kg8 76. Rb7 Kf8 77. Rb4 Kg7 78. Rb5 $1 Rc6 79. Rb7+ Kf8 80. Kh6 Rc4 81. Kxg6 $11 Rxh4 1/2-1/2

[Event "21st Alekhine FIDE 2017"]
[Site "Voronezh"]
[Date "2017.06.15"]
[Round "4"]
[White "Presnyakov, Kirill"]
[Black "Manukovsky, Vladimir"]
[Result "0-1"]
[ECO "A43"]
[WhiteElo "1876"]
[BlackElo "2200"]
[Annotator "ChessBase"]
[PlyCount "124"]
[EventDate "2017.??.??"]
[EventType "swiss"]
[EventCountry "RUS"]
[SourceTitle "playchess.com"]
[Source "ChessBase"]
[SourceQuality "1"]
[TimeControl "40/5400+30:1800+30"]

1. d4 c5 2. d5 b5 3. e3 Ba6 4. a4 b4 5. Bxa6 Nxa6 6. b3 Nf6 7. Qd3 Nc7 8. e4 g6 9. Bb2 Bg7 10. Nd2 d6 11. Nc4 O-O 12. Ne2 Qd7 13. f3 Rae8 14. O-O-O Rd8 15. g4 Na8 16. h4 Nb6 17. Ng3 Nxc4 18. Qxc4 e6 19. g5 Ne8 20. f4 exd5 21. exd5 f5 22. Rde1 Nc7 23. Re3 Bxb2+ 24. Kxb2 Qf7 25. Rhe1 Qxd5 26. Re7 Qxc4 27. bxc4 Rf7 28. h5 Kf8 29. Rxf7+ Kxf7 30. hxg6+ hxg6 31. Rh1 Ne6 32. Rh7+ Ng7 33. Rh1 Re8 34. Rd1 Re6 35. a5 Ke7 36. Rd2 Re3 37. Re2 Rxe2 38. Nxe2 Ne6 39. c3 bxc3+ 40. Kxc3 Kd7 41. Kd3 Kc6 42. Ke3 Nc7 43. Ng1 Kb7 44. Nf3 Ne6 45. Nd2 Nd4 46. Nb1 Ka6 47. Nc3 Kxa5 48. Nd5 Ne6 49. Kd3 Ka6 50. Kc3 Nd4 51. Kd3 Ne6 52. Kc3 Kb7 53. Kb3 Nd4+ 54. Ka4 Nc6 55. Kb5 a6+ 56. Ka4 Kc8 57. Nb6+ Kd8 58. Nd5 Ne7 59. Ne3 Kc7 60. Ka5 Kb7 61. Ng2 d5 62. cxd5 Nxd5 0-1

[Event "21st Alekhine FIDE 2017"]
[Site "Voronezh"]
[Date "2017.06.15"]
[Round "4"]
[White "Buyukli, Egor"]
[Black "Kazmin, Semen"]
[Result "1/2-1/2"]
[ECO "E90"]
[WhiteElo "1749"]
[BlackElo "2086"]
[Annotator "NA RC"]
[PlyCount "118"]
[EventDate "2017.??.??"]
[EventType "swiss"]
[EventCountry "RUS"]
[SourceTitle "playchess.com"]
[Source "ChessBase"]
[SourceQuality "1"]
[TimeControl "40/5400+30:1800+30"]

1. d4 Nf6 2. c4 g6 3. Nc3 Bg7 4. e4 d6 5. Nf3 O-O 6. Be3 e5 7. dxe5 dxe5 8. Qxd8 ({But not} 8. Nxe5 Nxe4 9. Nxe4 Bxe5 $15) 8... Rxd8 9. Nd5 Nxd5 {[%emt 0:00:29] LiveBook: 44 Games} (9... Rd7 $11) 10. cxd5 c6 11. Bc4 $1 h6 12. h3 b5 13. Bb3 Bb7 14. Rc1 a5 15. O-O a4 16. dxc6 Bxc6 17. Bc2 Bb7 18. Rfd1 Nc6 19. Bb6 Rxd1+ 20. Rxd1 Nb4 21. Bb1 Rc8 22. Rd8+ Rxd8 23. Bxd8 Nc6 24. Bb6 Nb8 25. Bc7 Nd7 26. Bd6 Bc6 27. Kf1 f6 28. Ke2 Bf8 29. Bxf8 Kxf8 30. Nd2 Ke7 31. b4 axb3 32. axb3 Nc5 33. g3 Kd6 34. f4 Bd7 35. h4 Be6 36. Bc2 Na6 37. Ke3 (37. fxe5+ $11 fxe5 38. Kd3) 37... Nb4 38. Bd1 {[%emt 0:00:18] [#]} Kc5 $1 39. fxe5 (39. f5 $142 gxf5 40. exf5 Bxf5 41. Ne4+ Bxe4 42. Kxe4) 39... fxe5 40. Nf3 {[%emt 0:00:00] [#]} Nc6 ({Black should try} 40... Bg4 $1 $19 41. Kd2 Nc6) 41. Ne1 {[%emt 0:31:06] [#]} Kb4 $1 42. Nd3+ Kc3 43. Nc5 Bf7 (43... Bc8 $142 44. h5 gxh5 45. Bxh5 Nd4) 44. Be2 Nd4 45. Bd3 $2 (45. Bxb5 $17 Nxb5 46. Nd7) 45... Bxb3 ({Weaker is} 45... Nxb3 46. Nxb3 Bxb3 47. Bxb5 $11) 46. Nd7 (46. Bxb5 {was the only defense.} Nxb5 47. Nd7) 46... Nc2+ 47. Ke2 $1 Nd4+ $2 ({Better is} 47... b4 $19 48. Nb6 Kd4 (48... Nd4+ 49. Ke3 Bc2 50. Nd5+ Kb3 51. Bxc2+ Nxc2+ 52. Kd2 Kb2)) 48. Ke3 Nc2+ 49. Ke2 Nd4+ 50. Ke3 Bc2 $2 51. Bxb5 $1 Nxb5 52. Nxe5 Nd6 53. Nxg6 Bxe4 54. Ne5 Bd5 55. g4 Bb3 56. g5 h5 57. g6 Nf5+ 58. Kf4 Nxh4 59. Kg5 {[%emt 0:00:11] [#]} Nxg6 $11 1/2-1/2

[Event "21st Alekhine FIDE 2017"]
[Site "Voronezh"]
[Date "2017.06.16"]
[Round "5"]
[White "Kazmin, Semen"]
[Black "Piskov, Vladimir A"]
[Result "1/2-1/2"]
[ECO "B06"]
[WhiteElo "2086"]
[BlackElo "1909"]
[Annotator "NA RC"]
[PlyCount "133"]
[EventDate "2017.??.??"]
[EventType "swiss"]
[EventCountry "RUS"]
[SourceTitle "playchess.com"]
[Source "ChessBase"]
[SourceQuality "1"]
[TimeControl "40/5400+30:1800+30"]

1. e4 g6 2. d4 Bg7 3. Nc3 c6 4. f4 d5 5. e5 Nh6 6. Nf3 Bg4 7. Be3 {[%emt 0:00:15] LiveBook: 77 Games} (7. h3 $5 Bxf3 8. Qxf3 $14) 7... O-O 8. h3 Bxf3 9. Qxf3 f6 10. exf6 {[%emt 0:01:39] B15: Caro-Kann: 3 Nc3: 3...g6 and 3...dxe4 4 Nxe4 Nf6 5 Nxf6+ exf6} (10. Qe2 fxe5 11. dxe5 e6 12. O-O-O Nd7 13. h4 c5 14. Nb5 Nf5 15. Bf2 a6 16. Nc3 b5 17. g3 Qc7 {1-0 (51) Hracek,Z (2612)-Hamitevici,V (2487) Minsk 2017}) 10... Bxf6 11. O-O-O e5 (11... Qd6 $16) 12. fxe5 $2 (12. dxe5 $18 Bxe5 13. Nxd5 cxd5 14. Rxd5) 12... Bxe5 13. Qe2 Bg7 14. g4 Nd7 15. Qd2 $146 ({Predecessor:} 15. Kb1 b5 16. Bxh6 Bxh6 17. Qe6+ Kh8 18. Qxc6 {1-0 (42) Caderon,M (1999)-Lebret,L (1690) Lille 2015}) 15... Nf7 16. Bd3 Qb6 17. Ne2 {[%emt 0:03:27] [#]} (17. Na4 $14 Qc7 18. h4) 17... Nc5 $1 18. Rde1 Nxd3+ 19. cxd3 Rae8 20. h4 Nd6 (20... c5 $5 21. dxc5 Qc6 $17) 21. h5 Nb5 ({Black should play} 21... Rf3 $15 22. Bg5 Qa6 23. hxg6 hxg6) 22. hxg6 hxg6 23. Bh6 Qc7 ({But not} 23... Nxd4 $2 24. Bxg7 Qc5+ 25. Nc3 $18) 24. Rh3 (24. Qg5 $11) 24... Rf2 25. Be3 (25. Re3 $11 Rc8 26. Bxg7 Qxg7 27. Re5) 25... Rg2 26. a4 Nd6 27. Bf4 c5 28. Rh2 cxd4+ 29. Kb1 {[%emt 0:00:05] [#]} Rxh2 $1 30. Bxh2 Qe7 ({Black should try} 30... Ne4 $17 31. Bxc7 Nxd2+ 32. Kc1 Nf3) 31. Bg3 Qf6 32. Nf4 Qg5 33. Rxe8+ Nxe8 34. Qe1 Nc7 35. Qe2 Kf7 {[%emt 0:04:43] [#]} (35... Qe5 $11) 36. Nh3 (36. Nxg6 $1 $16 Qxg6 37. Bxc7) 36... Qd8 37. Bxc7 Qxc7 38. Ng5+ Kf6 39. Nh7+ Kf7 40. Qf3+ Kg8 41. Nf6+ Bxf6 $1 42. Qxf6 Qf7 43. Qxd4 b6 44. Ka2 Qe6 45. Qf4 Kg7 46. d4 Qf6 47. Qc7+ Kh6 48. Qc1+ Kg7 49. Qe3 Kf7 50. Kb3 Qe6 $2 {[%emt 0:00:39] [#]} (50... Qf1 $11) 51. Qf4+ (51. Qxe6+ $1 $18 Kxe6 52. Kb4) 51... Qf6 52. Qc7+ Qe7 $2 {[%emt 0:00:01] [#]} (52... Kg8 $14) 53. Qf4+ $2 ({White has to play} 53. Qxe7+ $1 $18 Kxe7 54. Kb4) 53... Qf6 54. Qe3 Qe6 {[%emt 0:00:29] [#]} 55. Qf3+ $2 Ke7 56. Qg3 Kd7 57. Qf4 Kc6 58. Ka3 Qd6+ $2 (58... a5 $11 59. Qf3 g5) 59. Qxd6+ Kxd6 {[%emt 0:00:01] [#]} 60. Kb4 $2 (60. a5 $1 $18 Ke7 (60... bxa5 61. Ka4) 61. Ka4) 60... Kc6 61. a5 b5 $2 (61... g5 $11) 62. Kc3 $2 (62. a6 $18 Kb6 63. g5) 62... a6 63. b4 Kd6 64. Kd3 Ke6 65. Ke3 Kf6 66. Kf4 $11 g5+ 67. Ke3 1/2-1/2

[Event "21st Alekhine FIDE 2017"]
[Site "Voronezh"]
[Date "2017.06.16"]
[Round "5"]
[White "Kozlov, Sergej A"]
[Black "Khajrutdinov, Ildar"]
[Result "1-0"]
[ECO "E15"]
[WhiteElo "2072"]
[BlackElo "2087"]
[Annotator "NA"]
[PlyCount "108"]
[EventDate "2017.??.??"]
[EventType "swiss"]
[EventCountry "RUS"]
[SourceTitle "playchess.com"]
[Source "ChessBase"]
[SourceQuality "1"]
[TimeControl "40/5400+30:1800+30"]

1. d4 Nf6 2. c4 e6 3. Nf3 b6 4. g3 Ba6 5. Qa4 Bb7 6. Bg2 c5 7. O-O {[%emt 0:06:04] LiveBook: 398 Games} cxd4 {[%emt 0:09:18] E15: Queen's Indian: 4 g3 sidelines, 4 g3 Ba6 and 4 g3 Bb7 early deviations} 8. Rd1 (8. Nxd4 Bxg2 9. Kxg2 Qc8 10. Rd1 Qb7+ 11. f3 Bc5 12. Nc3 O-O 13. Bg5 Ng4 14. Ne4 h6 15. Bc1 Be7 16. Nb5 Ne5 17. Bf4 Ng6 18. Bd6 {0-1 (55) Nikolic,P (2603)-Navara,D (2734) Berlin 2015}) 8... Qc8 $146 ({Predecessor:} 8... a6 9. Nxd4 Bxg2 10. Kxg2 Qc7 11. Nc3 Be7 12. f3 Qb7 13. Bg5 h6 14. Bxf6 Bxf6 15. Ne4 Be7 16. Rd3 {½-½ (16) Postny,E (2434)-Csom,I (2478) Budapest 2000}) 9. Rxd4 Bc5 10. Rd1 Ne4 11. e3 O-O 12. Nbd2 Be7 13. Qc2 Nf6 14. a3 d6 (14... b5 $5) 15. b4 Nbd7 16. Bb2 Qc7 17. Rac1 Rac8 18. Qa4 Qb8 19. Qb3 Qa8 20. Qd3 Rc7 21. Qe2 Rfc8 22. Nb3 Ne5 23. Bxe5 dxe5 24. Ne1 (24. Nbd2 $15) 24... Bxg2 25. Nxg2 a5 26. Qb2 (26. c5 $17 {was worth a try.}) 26... axb4 27. axb4 Qa4 ({But not} 27... Bxb4 28. Qxe5 Qa2 29. Rd8+ Rxd8 30. Qxc7 $17) 28. Nd2 Rd7 29. Ne1 Qxb4 30. Qc2 Rcd8 31. Rb1 Qc5 ({Of course not} 31... Rxd2 $6 32. Rxb4 Rxd1 33. Rb1 $11) 32. Nb3 Qc7 33. Rdc1 (33. Rxd7 $17 {might work better.} Nxd7 34. Nf3) 33... g6 34. Nf3 Ba3 35. Re1 Bb4 36. Rf1 e4 37. Nfd4 (37. Qb2 $17) 37... Bc5 38. Qc3 Qe5 39. h3 Ra8 40. Qc2 Qh5 41. Kg2 e5 42. Ne2 (42. Nxc5 $17 bxc5 43. Nb3) 42... Rad8 (42... Qf3+ $19 {has better winning chances.} 43. Kg1 Bb4) 43. g4 Qg5 44. Ng3 $1 Rd3 45. Rfd1 {[%emt 0:00:22] [#]} (45. Rbd1 $11 Nxg4 46. hxg4 Qxg4 47. Rxd3 exd3 48. Qc3) 45... Qh4 ({Better is} 45... Bxe3 $1 $17 46. fxe3 Qxe3 47. Rxd3 Rxd3) 46. Nd2 $1 h5 47. Ndxe4 Rxd1 48. Rxd1 Nxe4 49. Rxd8+ Qxd8 50. Qxe4 hxg4 51. hxg4 Qf6 52. Qa8+ Kg7 53. Ne4 Qe6 54. g5 Qg4+ $11 1-0

[Event "21st Alekhine FIDE 2017"]
[Site "Voronezh"]
[Date "2017.06.16"]
[Round "5"]
[White "Chekletsov, Egor"]
[Black "Sokolovsky, Victor"]
[Result "1/2-1/2"]
[ECO "D32"]
[WhiteElo "2070"]
[BlackElo "1896"]
[Annotator "NA"]
[PlyCount "93"]
[EventDate "2017.??.??"]
[EventType "swiss"]
[EventCountry "RUS"]
[SourceTitle "playchess.com"]
[Source "ChessBase"]
[SourceQuality "1"]
[TimeControl "40/5400+30:1800+30"]

1. d4 d5 2. c4 e6 3. Nc3 c5 4. cxd5 cxd4 5. Qxd4 Nc6 6. Qa4 exd5 7. Nf3 {[%emt 0:02:43] D32: Tarrasch Defence: Sidelines and lines without g3} Nf6 (7... d4 $15 8. Nb5 Nf6 (8... Bb4+ 9. Bd2 Bxd2+ 10. Nxd2 Nge7 11. g3 O-O 12. Bg2 a6 13. Na3 Bg4 14. h3 Bh5 {1-0 (77) Harika,D (2512)-Cramling,P (2516) Beijing 2012})) 8. Bg5 Bb4 9. e3 O-O 10. Be2 $146 ({Predecessor:} 10. Rd1 h6 11. Bh4 g5 12. Bg3 Ne4 13. Be5 Qe7 14. a3 Bxc3+ 15. Bxc3 Nxc3 16. bxc3 {0-1 (43) Prestel,O (2130)-Weigand,B (2292) Lauffen am Neckar 2011}) 10... d4 11. exd4 Nxd4 12. O-O-O Nxe2+ ({Black should play} 12... Bxc3 $17 13. Nxd4 Bd7) 13. Nxe2 Qc7+ (13... Qe7 $5 14. Ned4 Qc5+ 15. Kb1 Ne4 $11) 14. Kb1 Bf5+ 15. Ka1 a5 16. Ned4 (16. Bxf6 $5 gxf6 17. Qb5 $11) 16... Bg6 (16... Bd7 $5 17. Qc2 Qxc2 18. Nxc2 Ba4 $11) 17. Bxf6 gxf6 18. g4 (18. a3 $11 {remains equal.}) 18... Rac8 (18... Qf4 $17 19. Qb3 Rad8) 19. a3 Rfd8 20. Nf5 ({Don't blunder} 20. axb4 $2 axb4 21. Rc1 Ra8 $19) 20... b5 21. Qb3 Bf8 22. N3d4 b4 23. a4 $1 Qf4 (23... Bc5 $15) 24. f3 Bxf5 25. Nxf5 Rd2 (25... h5 $5) 26. Qe3 Qxe3 27. Nxe3 Rcd8 28. Rxd2 Rxd2 29. Nc4 Rd5 30. b3 f5 31. Kb1 Bg7 (31... Bd6 $5) 32. Kc2 fxg4 (32... Be5 $5) 33. fxg4 h5 (33... Be5 $5) 34. Rd1 Rc5 35. Rd8+ Kh7 36. Ra8 hxg4 37. Rxa5 Rxa5 38. Nxa5 Be5 39. Kd3 Bxh2 40. Ke2 f5 41. Nc6 f4 42. a5 f3+ 43. Kf2 Bd6 44. a6 Bc5+ 45. Kg3 Bd6+ 46. Kf2 Bc5+ 47. Kg3 $11 1/2-1/2

[Event "21st Alekhine FIDE 2017"]
[Site "Voronezh"]
[Date "2017.06.16"]
[Round "5"]
[White "Kondaurov, Yury"]
[Black "Manukovsky, Vladimir"]
[Result "0-1"]
[ECO "A04"]
[WhiteElo "2046"]
[BlackElo "2200"]
[Annotator "NA"]
[PlyCount "136"]
[EventDate "2017.??.??"]
[EventType "swiss"]
[EventCountry "RUS"]
[SourceTitle "playchess.com"]
[Source "ChessBase"]
[SourceQuality "1"]
[TimeControl "40/5400+30:1800+30"]

1. Nf3 c5 2. g3 Nc6 3. Bg2 g6 4. O-O Bg7 5. c4 d6 6. Nc3 e5 7. d3 Nge7 8. a3 O-O 9. Rb1 h6 10. b4 {[%emt 0:11:58] LiveBook: 24 Games} Rb8 11. bxc5 {[%emt 0:03:57] A37: Symmetrical English vs ...g6: 4 Bg2 Bg7 5 Nf3} (11. b5 $5 Nd4 12. Bb2 $14) (11. Bd2 Be6 12. Ne1 f5 13. Qa4 f4 14. e3 g5 15. b5 Na5 16. Ne2 b6 17. exf4 gxf4 18. gxf4 Ng6 19. fxe5 dxe5 {1-0 (41) Kramnik,V (2788)-Alekseev,E (2708) Moscow 2008}) 11... dxc5 12. Bb2 $146 ({Predecessor:} 12. Ne1 Be6 13. Nc2 f5 14. Ne3 Qd7 15. Ned5 b6 16. Qa4 Rbd8 17. Bb2 Kh7 18. e3 Nc8 {0-1 (31) Jurek,J (2287)-Vaculik,M (2276) Czech Republic 2016}) 12... Be6 13. e4 f5 14. Nd5 fxe4 15. dxe4 Kh7 16. Qd3 Qd7 17. Rbd1 Rbd8 18. Qe3 ({Better is} 18. Qc2 $11) 18... Nd4 19. Ne1 b6 20. Kh1 Nec6 21. Nd3 (21. Bc3 $15) 21... Rf7 (21... Na5 $17 22. Rc1 Qa4 23. Bxd4 cxd4) 22. Bc3 Rdf8 23. f3 (23. f4 $11) 23... Bh3 24. Ne1 ({White should play} 24. f4 $15) 24... Bxg2+ 25. Kxg2 Nd8 ({Black should play} 25... h5 $17) 26. Rd2 N8e6 27. Rdf2 Qa4 28. Bxd4 cxd4 ({Much less strong is} 28... exd4 29. Qd3 $15) ({Don't play} 28... Nxd4 $6 29. Qc3 $11) 29. Qc1 Rc8 30. Rc2 Bf8 31. Nd3 {[%emt 0:06:28] [#]} Bxa3 $2 (31... Bd6 $1 $17 {and life is bright.}) 32. Ra2 Bxc1 33. Rxa4 Bd2 34. Nxe5 Rb7 35. Rfa1 Ba5 36. Nd3 Kg7 37. f4 Nc5 (37... Rf7 $16 38. Rd1 Bc3) 38. Nxc5 Rxc5 {[%emt 0:00:02] [#]} 39. Kf3 ({White should play} 39. R1a3 $1 $18) 39... d3 40. g4 (40. R1a3 $16) 40... Rb8 ({Black should try} 40... d2 $11) 41. Ke3 d2 42. Kd4 Kf7 (42... Rh8 $11) 43. f5 (43. Rd1 $16) 43... Rd8 44. Rd1 gxf5 45. gxf5 Rg8 46. e5 $2 (46. Ra3 $11 {and White is okay.}) 46... Rg4+ 47. Kd3 {[%emt 0:00:02] [#]} Rxd5+ $1 48. cxd5 Rxa4 49. f6 Ra3+ 50. Ke4 Bc3 51. Kf5 Ra1 52. e6+ Kf8 53. e7+ Kf7 54. d6 Bxf6 $2 (54... Rxd1 {mates} 55. d7 Rf1+ 56. Ke4 Re1+ 57. Kf4 d1=Q 58. e8=Q+ Rxe8 59. dxe8=N Kxe8 60. Kg3 Kf7 61. Kf2 Bd4+ 62. Kg3 h5 63. h3 Kxf6 64. Kg2 h4 65. Kh2 Qg1#) 55. Rxd2 {[%emt 0:01:58] [#]} Bxe7 $1 56. dxe7 Ra5+ 57. Ke4 Kxe7 58. Kd4 Kd6 59. Rg2 Ra4+ 60. Kc3 Rh4 61. Kb3 a5 62. Rc2 b5 63. Ka3 Rh3+ 64. Kb2 a4 65. Rf2 Kc5 66. Rf5+ Kb4 67. Rf2 a3+ 68. Ka2 Ka4 $19 0-1

[Event "21st Alekhine FIDE 2017"]
[Site "Voronezh"]
[Date "2017.06.16"]
[Round "5"]
[White "Filippov, Ivan"]
[Black "Filippov, Vladimir"]
[Result "1/2-1/2"]
[ECO "A41"]
[WhiteElo "2041"]
[BlackElo "1882"]
[Annotator "NA RC"]
[PlyCount "41"]
[EventDate "2017.??.??"]
[EventType "swiss"]
[EventCountry "RUS"]
[SourceTitle "playchess.com"]
[Source "ChessBase"]
[SourceQuality "1"]
[TimeControl "40/5400+30:1800+30"]

1. d4 d6 2. Nf3 Nf6 3. c4 Nbd7 4. Nc3 e5 5. e4 c6 6. Be2 Be7 7. O-O O-O {[%emt 0:00:54] LiveBook: 2282 Games} 8. Qc2 Qc7 9. h3 {[%emt 0:02:25] A55: Old Indian Defence with Nf3 and e4} (9. Be3 Re8 10. h3 Nf8 11. Rfe1 Ng6 12. Rad1 a6 13. a3 Rb8 14. Bf1 b6 15. b4 Bd7 16. c5 bxc5 17. dxc5 dxc5 18. bxc5 Qa5 {1-0 (68) Ponomariov,R (2743)-Dubov,D (2638) Khanty-Mansiysk 2013}) 9... Ne8 10. Be3 g6 11. d5 $146 ({Predecessor:} 11. Rad1 Ng7 12. b4 Re8 13. d5 Bf8 14. Bd3 Nh5 15. Rfe1 Nhf6 16. Rc1 cxd5 17. cxd5 {1-0 (39) Kovalenko,S (2205)-Filippov,V (2042) Voronezh 2007}) 11... Ng7 12. Bg5 (12. Qd2 $16) 12... Nf6 (12... Bxg5 $14 13. Nxg5 Nf6) 13. a4 Ngh5 14. Bh6 Ng7 15. Nd2 Nd7 16. a5 a6 $1 17. Bg4 Nf6 18. Be2 (18. Bf3 $16) 18... Nd7 19. b4 c5 20. b5 axb5 ({Black should play} 20... Qd8 $14) 21. cxb5 $18 1/2-1/2

[Event "21st Alekhine FIDE 2017"]
[Site "Voronezh"]
[Date "2017.06.16"]
[Round "5"]
[White "Arbuzov, Mikhail"]
[Black "Mezhov, Dmitriy"]
[Result "0-1"]
[ECO "A80"]
[WhiteElo "2022"]
[BlackElo "1809"]
[Annotator "NA RC"]
[PlyCount "94"]
[EventDate "2017.??.??"]
[EventType "swiss"]
[EventCountry "RUS"]
[SourceTitle "playchess.com"]
[Source "ChessBase"]
[SourceQuality "1"]
[TimeControl "40/5400+30:1800+30"]

1. d4 f5 2. Nc3 Nf6 3. Bg5 d5 4. f3 Nbd7 5. Nh3 (5. e4 $5) 5... e6 (5... c6 $11) 6. e4 fxe4 7. fxe4 dxe4 8. Nf4 Qe7 {[%emt 0:06:42] [#]} ({Better is} 8... Bd6 $1 $14) 9. Nxe4 $1 Qf7 10. Bd3 (10. Qf3 $142) 10... e5 $2 (10... Nxe4 $1 $14 11. Bxe4 Be7) 11. Bxf6 $2 (11. Qe2 $18) 11... gxf6 $4 (11... Nxf6 $16 12. Nxf6+ gxf6) 12. Nh5 Be7 (12... Kd8 $142 13. O-O Qd5 14. Nhxf6 Nxf6) 13. O-O f5 {[%emt 0:00:00] [#]} (13... O-O $142 14. Nhxf6+ Bxf6 15. dxe5 Kh8 16. exf6 Qg6) 14. Rxf5 $1 Qd5 15. Rxe5 $4 (15. Kh1 $18 {and all is fine.}) 15... Qxd4+ 16. Kh1 Qxe5 17. Qg4 Nc5 18. Qe2 Nxd3 19. cxd3 Be6 $2 (19... O-O 20. g3 b6) 20. d4 Qxd4 21. Nef6+ Kf7 $2 (21... Bxf6 $19 22. Qxe6+ Be7) 22. Rf1 $1 {[%emt 0:00:30] [#]} Bxf6 (22... Raf8 $1 $17 23. Nd5+ Ke8 24. Nxc7+ Kd7 25. Qxe6+ Kxc7 26. Qxe7+ Kb6 27. Qe6+ Ka5) 23. Rxf6+ Qxf6 24. Nxf6 Kxf6 25. Qf3+ $2 (25. Qf2+ $11 {and White stays safe.} Ke7 26. Qh4+ Kf7 27. Qf4+ Kg6 28. Qg3+ Kf6 29. Qh4+ Kf5 30. Qf2+ Kg5 31. Qe3+ Kf6 32. Qf4+ Kg6 33. Qg3+ Kf7 34. Qf4+ Kg6) 25... Ke7 26. Qxb7 Kd7 27. Qb5+ c6 28. Qb7+ Kd6 29. Qb4+ Kc7 30. Qe7+ Bd7 31. Qe5+ Kb7 32. h3 Rae8 33. Qg7 Kc8 34. Qd4 Be6 35. Qxa7 Bd5 36. Kh2 $2 (36. Qa8+ Kd7 37. Qa7+ Kd6 38. Qa3+ c5 39. Qa6+ Bc6 40. Qd3+ Kc7 41. Qg3+ Kc8 42. Qd6) 36... Rhg8 37. g4 Re2+ 38. Kg3 Rxb2 39. a4 (39. Qxh7 $142 Rg2+ 40. Kf4) 39... h5 40. Qa6+ Kc7 41. Qa7+ Rb7 42. Qc5 Rb3+ 43. Kh4 hxg4 44. hxg4 Rb2 (44... Be6 $142 45. Qa7+ Rb7 46. Qa5+ Kd7 47. Qd2+ Ke7 48. Kg3 Rxg4+ 49. Kf2 Rxa4 50. Qg5+ Ke8 51. Qh6 Rf7+ 52. Ke2 Kd7 53. Kd2 Rf2+ 54. Ke1 Rg2 55. Kf1 Rag4 56. Qe3 Bc4+ 57. Ke1 Re2+ 58. Qxe2 Bxe2 59. Kd2 c5 60. Ke3 c4 61. Kxe2 Rd4 62. Kf3 c3 63. Ke3 Rd5 64. Ke4 Ke6 65. Kf3 c2 66. Kg4 c1=Q 67. Kg3 Rd3+ 68. Kg4 Kf6 69. Kh5 Qg5#) 45. Qe7+ Kc8 46. g5 Rg2 47. a5 Rh8+ 0-1

[Event "21st Alekhine FIDE 2017"]
[Site "Voronezh"]
[Date "2017.06.16"]
[Round "5"]
[White "Perch, Sofya"]
[Black "Napalkov, Vladimir"]
[Result "1/2-1/2"]
[ECO "E34"]
[WhiteElo "1874"]
[BlackElo "2031"]
[Annotator "NA"]
[PlyCount "117"]
[EventDate "2017.??.??"]
[EventType "swiss"]
[EventCountry "RUS"]
[SourceTitle "playchess.com"]
[Source "ChessBase"]
[SourceQuality "1"]
[TimeControl "40/5400+30:1800+30"]

1. d4 Nf6 2. c4 e6 3. Nc3 Bb4 4. Qc2 d5 5. e3 O-O 6. Nf3 {[%emt 0:00:48] LiveBook: 61 Games} c5 7. a3 Bxc3+ 8. bxc3 b6 9. Bd3 Bb7 10. cxd5 exd5 11. O-O Nbd7 12. Bd2 {[%emt 0:05:47] E52: Nimzo-Indian: Rubinstein: 4...0-0 5 Nf3 d5 6 Bd3 b6} (12. Nd2 Re8 13. Rd1 Rc8 14. Qb1 cxd4 15. cxd4 Ne4 16. Bb2 Qh4 17. Nxe4 dxe4 18. Bb5 Nf6 19. h3 Red8 {½-½ (37) Illescas Cordoba,M (2618)-Gong,Q (2328) Tromsoe 2014}) 12... c4 13. Bf5 Re8 14. Bxd7 $146 ({Predecessor:} 14. a4 Bc6 15. Rfb1 g6 16. Bh3 Ne4 17. Be1 Qf6 18. Rb2 h5 {0-1 (26) Suijdendorp,F (1905)-Travnicek,P (2175) Hergiswil 2001}) 14... Nxd7 15. Qf5 g6 16. Qg5 Nf6 17. Rfd1 Ne4 18. Qxd8 Rexd8 19. Rdb1 Bc6 20. a4 Rdb8 21. Be1 f6 22. h3 Rb7 23. Nh2 Re7 24. Nf1 Bd7 25. f3 Nd6 26. Bd2 Nb7 27. Kf2 Na5 28. Rb2 (28. Re1 $15) 28... Nb3 29. Raa2 Bf5 30. Be1 (30. e4 $17 dxe4 31. Ne3) 30... Bd3 31. Nd2 Rae8 32. e4 dxe4 33. Nxe4 (33. fxe4 {only move.} Kg7 34. a5) 33... Bxe4 34. fxe4 Nc1 35. Bd2 Nxa2 36. Rxa2 Rxe4 37. Bc1 Rb8 38. Rb2 a6 39. Kf3 Re1 40. Bf4 Rb7 41. d5 Kf7 42. d6 Ke6 43. Kf2 Re4 44. Bh2 b5 45. axb5 (45. Rb4 $142) 45... axb5 46. Kf3 f5 47. g4 Kd7 48. gxf5 gxf5 49. Rg2 Re8 50. Rg5 Rf8 51. Rg1 b4 52. cxb4 Rxb4 53. Rg7+ Ke6 (53... Kc6 $142 54. Rc7+ Kd5) 54. Re7+ Kd5 55. d7 Rd8 $2 (55... Rb3+ $19 56. Ke2 Rb2+ 57. Ke3 Kc6) 56. Bc7 Rxd7 ({Don't go for} 56... Rbb8 $2 57. Bxb8 Kc6 58. Kf4 $18) 57. Rxd7+ Kc6 58. Rg7 Rb3+ {[%emt 0:00:53] [#]} 59. Kg2 $16 1/2-1/2